 Dungeon Crawl Stone Soup version 0.19-a0 (webtiles) character file.

713 Loki the Grappler (level 7, -5/62 HPs)
             Began as a Troll Warper on Apr 27, 2016.
             Killed by divine providence
             ... invoked by an orc priest
              (13 damage)
             ... on level 6 of the Dungeon.
             The game lasted 00:11:14 (1101 turns).

Loki the Grappler (Troll Warper)                    Turns: 1101, Time: 00:11:15

Health: -5/62      AC:  5    Str: 20    XL:     7   Next: 41%
Magic:  7/7        EV: 10    Int: 11    God:
Gold:   216        SH:  0    Dex:  9    Spells: 1 memorised, 7 levels left

rFire  . . .     SeeInvis .       - Unarmed
rCold  . . .     Gourm    +     a - +0 robe
rNeg   . . .     Faith    .     (no shield)
rPois  .         Spirit   .     (helmet restricted)
rElec  .         Dismiss  .     (no cloak)
rCorr  .         Reflect  .     (gloves unavailable)
SustAt .         Harm     .     (boots unavailable)
MR     .....                    (no amulet)
Stlth  +.........               (no ring)
                                (no ring)

@: not resistant to hostile enchantments, very unstealthy
A: unfitting armour, claws 3, fast metabolism 3, gourmand, regeneration 2,
shaggy fur 1, tough skin 2
a: no special abilities


You were on level 6 of the Dungeon.
You were full.

You visited 1 branch of the dungeon, and saw 6 of its levels.
You also visited: Ossuary.

You collected 216 gold pieces.

Inventory:

Missiles
 d - 5 tomahawks of dispersal (quivered)
 p - a throwing net
Armour
 a - a +0 robe (worn)
Jewellery
 g - an uncursed amulet of regeneration {unknown}
Wands
 k - a wand of enslavement (14/24)
Scrolls
 c - a scroll of blinking
 e - a scroll of teleportation
 h - a scroll of fear {unknown}
 i - a scroll of noise {unknown}
 m - a scroll of random uselessness {unknown}
 n - a scroll of fog {unknown}
 r - a scroll of remove curse {unknown}
Potions
 j - 3 potions of curing
 l - a potion of haste
Books
 b - a book of Spatial Translocations

   Spells                             Type                      Level
   a - Apportation                    Translocation                1
   b - Blink                          Translocation                2
   c - Shroud of Golubria             Charms/Translocation         2
   d - Portal Projectile              Translocation                3
   e - Teleport Other                 Translocation                3
   f - Passage of Golubria            Translocation                4
Comestibles
 f - 3 bread rations
 q - a meat ration


   Skills:
 - Level 1.5 Fighting
 - Level 0.8 Throwing
 - Level 1.9 Dodging
 + Level 8.5 Unarmed Combat
 - Level 1.2 Spellcasting
 - Level 2.1 Translocations


You had 7 spell levels left.
You knew the following spells:

 Your Spells              Type           Power        Failure   Level  Hunger
a - Apportation           Tloc           #.........   14%         1    ##.....


Dungeon Overview and Level Annotations

Branches:
Dungeon (6/15)
 Temple: D:4-7

Altars:
Nemelex Xobeh
Trog
Xom
Beogh


Innate Abilities, Weirdness & Mutations

You are too large for most types of armour.
You have claws for hands.
Your metabolism is lightning-fast.
You like to eat raw meat.
You heal very quickly.
You are covered in fur (AC +1).
You have very tough skin (AC +2).


Message History

The orc hits you but does no damage.
Unknown command.
You claw the orc!
You kill the orc!
The orc hits your giant frog zombie but does no damage.
You scratch the orc priest.
The orc priest is heavily wounded.
Your giant frog zombie hits the orc.
The orc priest hits you but does no damage.
The orc hits your giant frog zombie with a dagger.
Your giant frog zombie misses the orc.
You claw the orc priest!
You kill the orc priest!
The orc hits your giant frog zombie with a dagger.
Your giant frog zombie hits the orc!
The orc dies!
You closely miss the orc.
The orc priest calls down the wrath of Beogh upon you.
Beogh smites you!
You die...

+.......# ..#.......#
..#.......+
#####........######
.......#.#.#.#....#
#...>............#
#.....#.#.#...(..#
#........o)Z@...)#
#.....#.#.#o.[...#
#...........######
#####...............
.............(.......
.....................
.....................
......(..............
###+#<.....####+#####


You could see an orc priest, an orc and a friendly giant frog zombie.

Vanquished Creatures
  The ghost of MovingMist the Shield-Bearer, an amateur TeFi of Trog (Ossuary)
  Menkaure (D:6)
  A howler monkey (D:5)
  3 centaur zombies (Ossuary)
  2 orc priests
  2 worker ants
  3 big kobold zombies (Ossuary)
  3 mummies (Ossuary)
  A hound zombie (Ossuary)
  3 adders
  2 oozes
  5 adder zombies (Ossuary)
  An adder skeleton (D:3)
  A worm (D:3)
  3 orcs
  A giant cockroach (D:1)
  A gnoll zombie (Ossuary)
  A goblin (D:1)
  A hobgoblin (D:4)
  A quokka (D:4)
  2 giant newts (D:3)
  2 goblin zombies (Ossuary)
  2 hobgoblin zombies (Ossuary)
  3 jackal zombies (Ossuary)
  5 kobold zombies (Ossuary)
  An orc zombie (Ossuary)
  A quokka zombie (Ossuary)
  A rat zombie (Ossuary)
54 creatures vanquished.

Vanquished Creatures (collateral kills)
  An orc (D:6)
1 creature vanquished.

Grand Total: 55 creatures vanquished

Notes
Turn   | Place    | Note
--------------------------------------------------------------
     0 | D:1      | Loki the Troll Warper began the quest for the Orb.
     0 | D:1      | Reached XP level 1. HP: 19/19 MP: 1/1
   142 | D:3      | Reached XP level 2. HP: 27/27 MP: 2/2
   147 | D:3      | Found a shimmering altar of Xom.
   212 | D:4      | Reached skill level 3 in Unarmed Combat
   256 | D:4      | Found a roughly hewn altar of Beogh.
   275 | D:4      | HP: 1/27 [orc/mace (4)]
   277 | D:4      | Reached skill level 4 in Unarmed Combat
   277 | D:4      | Reached XP level 3. HP: 2/33 MP: 3/3
   361 | D:4      | Found a sand-covered staircase.
   367 | Ossuary  | Entered an ossuary
   393 | Ossuary  | Reached XP level 4. HP: 37/41 MP: 4/4
   409 | Ossuary  | Reached skill level 5 in Unarmed Combat
   442 | Ossuary  | Reached XP level 5. HP: 40/48 MP: 5/5
   490 | Ossuary  | Reached skill level 6 in Unarmed Combat
   528 | Ossuary  | Noticed MovingMist's ghost (amateur TeFi)
   544 | Ossuary  | Killed MovingMist's ghost
   544 | Ossuary  | Reached skill level 7 in Unarmed Combat
   544 | Ossuary  | Reached XP level 6. HP: 5/55 MP: 6/6
   661 | D:5      | Entered Level 5 of the Dungeon
   720 | D:5      | Found a bloodstained altar of Trog.
   739 | D:5      | Reached XP level 7. HP: 56/62 MP: 7/7
   973 | D:6      | Noticed Menkaure
   980 | D:6      | Killed Menkaure
   980 | D:6      | Reached skill level 8 in Unarmed Combat
  1059 | D:5      | Found a sparkling altar of Nemelex Xobeh.
  1101 | D:6      | Killed from afar by an orc priest

Vault maps used:
D:1:      elethiomel_arrival_infinity_welcomes_careful_drivers, minivault_27,
          grunt_decor_one_mirror
D:2:      marbit_many_paths, gammafunk_temple_overflow_wave, st_stairs_14,
          roderic_lattice_a
D:3:      lemuel_doored_altar, makhleb_heckhound_becter, old_standard_altar
D:4:      nicolae_ossuary_entry_plus, kennysheep_orc_chapel
D:5:      kennysheep_mini_moat, nemelex_xobeh_ov_fountains_minmay,
          old_standard_altar, led_sif_book, first_bread, uniq_pikel,
          uniq_eustachio
D:6:      nicolae_overflow_crystal_walls, serial_co_window_serial,
          co_window_paths_a, co_window_cross_1, co_window_corner_a,
          co_window_of_opportunity_a, co_window_paths_a, co_window_broadway_b,
          co_window_2corner, co_window_corner_ca, co_window_of_opportunity_b,
          co_window_cross_3, glass_columns_b, glass_columns_a, glass_columns_b,
          glass_columns_a, glass_columns_a, basic_altar, uniq_menkaure
Ossuary:  minmay_ossuary_two_tombs

Skill      XL: |  1  2  3  4  5  6  7 |
---------------+----------------------+-----
Unarmed Combat | 4 5 7 8 |  8.5
Fighting       | |  1.5
Throwing       | |  0.8
Dodging        | |  1.9
Spellcasting   | |  1.2
Translocations | |  2.1

Action                   |  1- 3 |  4- 6 |  7- 9 || total
-------------------------+-------+-------+-------++-------
Melee: Unarmed           |    66 |   116 |    34 ||   216
       Punch             |     2 |     5 |     3 ||    10
Evoke: Wand              |       |       |     1 ||     1
  Use: Potion            |     2 |       |       ||     2
       Scroll            |       |       |     3 ||     3
 Stab: Sleeping          |     1 |       |       ||     1
  Eat: Chunk             |     7 |     2 |     1 ||    10
       Fruit             |       |     2 |       ||     2
Armor: Robe              |    24 |    35 |     2 ||    61
Dodge: Dodged            |    34 |    65 |    14 ||   113
